 Dungeon Crawl Stone Soup version 0.30-b1-2-g02819fbbbe (webtiles) character file.

Game seed: 15379141633873559504

34228 Chingon the Severer (level 13, -10/113 HPs)
             Began as a Minotaur Fighter on May 20, 2023.
             Was an Elder of the Shining One.
             Mangled by an eight-headed hydra (12 damage)
             ... on level 3 of the Lair of Beasts.
             The game lasted 00:17:41 (13266 turns).

Chingon the Severer (Minotaur Fighter)             Turns: 13266, Time: 00:17:42

Health: -10/113    AC: 19    Str: 25    XL:     13   Next: 41%
Magic:  15/19      EV: 15    Int:  5    God:    the Shining One [****..]
Gold:   1030       SH: 21    Dex: 11    Spells: 12/12 levels left

rFire   . . .        J - +3 flail
rCold   . . .        c - +0 buckler
rNeg    + + .        D - +0 plate armour
rPois   .            (helmet restricted)
rElec   .            b - +1 cloak of the Loofah {Drain Fly Regen+}
rCorr   .            f - +0 pair of gloves
SInv    .            K - +0 pair of boots
Will    +....        N - amulet of reflection Stlth
                     g - ring of willpower
HPRegen 1.18/turn    x - +5 ring of evasion
MPRegen 0.16/turn

%: reflection
@: divinely shielded, flying, glowing
A: horns 2, retaliatory headbutt
a: Renounce Religion, Divine Shield, Cleansing Flame


You were on level 3 of the Lair of Beasts.
You worshipped the Shining One.
The Shining One was greatly pleased with you.
You visited 2 branches of the dungeon, and saw 15 of its levels.

You collected 1030 gold pieces.

Inventory:

Hand Weapons
 a - a +0 war axe
 J - a +3 flail (weapon)
Missiles
 M - a throwing net (quivered)
Armour
 b - the +1 cloak of the Loofah (worn) {Drain Fly Regen+}
   (You found it on level 11 of the Dungeon)

   Fly:       It grants you flight.
   Regen:     It increases your rate of health regeneration.
   Drain:     It drains your maximum health when unequipped.
 c - a +0 buckler (worn)
 f - a +0 pair of gloves (worn)
 D - a +0 plate armour (worn)
 K - a +0 pair of boots (worn)
Jewellery
 g - a ring of willpower (left hand)
 k - a ring of ice
 x - a +5 ring of evasion (right hand)
 E - a +6 ring of strength
 N - an amulet of reflection (around neck)
Wands
 q - a wand of flame (24)
 y - a wand of roots (13)
 F - a wand of charming (8)
Scrolls
 e - 5 scrolls of fog
 h - 3 scrolls of enchant weapon
 j - a scroll of blinking
 l - 3 scrolls of poison
 m - 6 scrolls of teleportation {unknown}
 t - 2 scrolls of summoning {unknown}
 u - 2 scrolls of immolation {unknown}
 v - 4 scrolls of vulnerability {unknown}
 w - 8 scrolls of amnesia {unknown}
 A - 3 scrolls of noise {unknown}
 G - a scroll of enchant armour {unknown}
 L - 2 scrolls of magic mapping {unknown}
Potions
 d - 5 potions of might
 i - 6 potions of lignification
 n - 4 potions of flight
 o - 2 potions of mutation
 p - a potion of berserk rage
 r - 6 potions of curing
 s - 5 potions of attraction
 z - a potion of cancellation
 B - a potion of heal wounds
 H - 2 potions of invisibility
 I - 3 potions of magic
 O - 2 potions of experience


   Skills:
 + Level 10.1 Fighting
 - Level 16.0 Axes
 + Level 10.1 Armour
 + Level 10.1 Dodging
 + Level 10.1 Shields
 + Level 10.1 Invocations


You had 12 spell levels left.
You didn't know any spells.
Your spell library contained the following spells:

 Spells                   Type           Power      Damage    Failure   Level
 Apportation              Tloc           0%         N/A       99%         1
 Freeze                   Ice            0%         1d3       99%         1
 Magic Dart               Conj           0%         1d3       99%         1
 Necrotise                Necr           0%         1d4       99%         1
 Summon Small Mammal      Summ           0%         N/A       99%         1
 Blink                    Tloc           0%         N/A       100%        2
 Lesser Beckoning         Tloc           0%         N/A       100%        2
 Momentum Strike          Conj/Tloc      0%         3d8       100%        2
 Scorch                   Fire           0%         2d5       100%        2
 Searing Ray              Conj           0%         2d4       100%        2
 Call Canine Familiar     Summ           0%         N/A       100%        3
 Frozen Ramparts          Ice            0%         1d1       100%        3
 Hailstorm                Conj/Ice       0%         3d3       100%        3
 Inner Flame              Hex/Fire       0%         N/A       100%        3
 Portal Projectile        Hex/Tloc       0%         N/A       100%        3
 Summon Guardian Golem    Hex/Summ       0%         N/A       100%        3
 Tukima's Dance           Hex            0%         N/A       100%        3
 Flame Wave               Conj/Fire      0%         2d4       100%        4
 Fulminant Prism          Conj/Hex       0%         3d5       100%        4
 Ice Form                 Ice/Tmut       0%         N/A       100%        4
 Manifold Assault         Tloc           0%         N/A       100%        4
 Summon Ice Beast         Ice/Summ       0%         N/A       100%        4
 Alistair's Intoxication  Tmut/Pois      0%         N/A       100%        5
 Blade Hands              Tmut           0%         N/A       100%        5
 Yara's Violent Unravell  Hex/Tmut       0%         3d3       100%        5
 Dispersal                Tloc           0%         N/A       100%        6
 Summon Cactus Giant      Summ           0%         N/A       100%        6
 Ozocubu's Refrigeration  Ice            0%         4d7       100%        7
 Disjunction              Tloc           0%         N/A       100%        8
 Dragon's Call            Summ           0%         N/A       100%        9


Dungeon Overview and Level Annotations

Branches:
Dungeon (12/15)            Temple (0/1) D:7            Lair (3/5) D:10
  Swamp (0/4) Lair:2          Orc (0/2) D:9
  Snake: Lair:2-3    Spider: Lair:2-3

Altars:
Dithmenos
Hepliaklqana
Kikubaaqudgha
Makhleb
Uskayaw
Wu Jian
Yredelemnul
Zin
The Shining One

Portals:
Trove: D:10 (give 2 scrolls of acquirement)

Annotations:
D:6 dig
D:7 2 transporters, Gobbopathe's ghost, novice DsCK
D:11 dig
D:12 rC
Lair:3 Snorg


Innate Abilities, Weirdness & Mutations

You have a pair of horns on your head.
You reflexively headbutt those who attack you in melee.


Message History

You headbutt the wolf.
You kill the wolf!
Unknown command.
The jumping spider leaps!
The wolf closely misses you.
Unknown command.
The jumping spider leaps!
Unknown command.
The rime drake breathes ice at you.
You block icy flash freeze... and reflect it back!
The icy flash freeze hits the rime drake!!
The rime drake partially resists.
You kill the rime drake!
Unknown command.
Okay, then.
Unknown command.
You sock the wolf!
The wolf is heavily wounded.
The jumping spider leaps!
You block the wolf's attack.
You sock the eight-headed hydra! You headbutt the eight-headed hydra!
The eight-headed hydra is moderately wounded.
You block the wolf's attack.
You block the eight-headed hydra's attack. x2
The eight-headed hydra bites you but does no damage. x2
The eight-headed hydra misses you. The eight-headed hydra bites you.
* * * LOW HITPOINT WARNING * * *
The eight-headed hydra bites you.
* * * LOW HITPOINT WARNING * * *
The eight-headed hydra bites you but does no damage.
You hit the eight-headed hydra.
The eight-headed hydra is heavily wounded.
The wolf closely misses you.
You block the eight-headed hydra's attack. x3
The eight-headed hydra bites you!
* * * LOW HITPOINT WARNING * * *
The eight-headed hydra bites you but does no damage.
The eight-headed hydra barely misses you.
The eight-headed hydra bites you!
* * * LOW HITPOINT WARNING * * *
The eight-headed hydra bites you!
You die...

###≈≈..#####D#
#...#### # ### ##≈.##
##..# #...# #
####.####~.####..##
#.......#≈.#..Th##
##...###.#~≈##.sD###
##†..###.≈~≈≈≈###k††##
~#†### ####~≈≈# ###..#
#~†.# #~≈≈####D≈..#.#
~≈≈.# #~≈## #@h≈s..#
~≈≈~# ##.~# ##≈s.°.#
≈≈.~## #...## #≈...##
≈...~# ##...# ##....#
≈≈≈≈## #...# #....#
..≈≈# ##### ##$$..#
##### #####


You could see an eight-headed hydra, a jumping spider, a redback and a wolf.

Vanquished Creatures
  3 hydras
  A two-headed ogre (D:10)
  6 death yaks
  A cyclops (D:11)
  5 elephants (Lair:2)
  2 manticores
  A black mamba (Lair:3)
  Joseph (D:8)
  A gargoyle (D:12)
  A torpor snail (Lair:1)
  7 komodo dragons
  Psyche (D:11)
  2 unseen horrors
  2 cane toads
  An unseen horror zombie (D:9)
  2 rime drakes (Lair:3)
  2 kobold demonologists (D:12)
  3 trolls
  7 blink frogs (Lair:2)
  A culicivora (Lair:3)
  A spriggan (Lair:1)
  2 wraiths
  5 wyverns
  37 yaks
  A basilisk (Lair:1)
  6 fire bats (Lair:2)
  A redback (Lair:3)
  8 vampire mosquitoes
  24 water moccasins
  8 orc warriors
  4 ice beasts
  A sky beast (D:7)
  7 black bears
  10 wolves
  8 centaurs
  2 phantoms
  7 kobold brigands
  15 bullfrogs
  4 scorpions
  4 wights (D:9)
  5 killer bees (D:9)
  4 howler monkeys
  A centaur zombie (D:9)
  2 jellies
  9 orc priests
  2 hounds
  6 iguanas
  4 orc wizards
  Natasha (thrice) (D:4)
  20 adders
  A shadow imp (D:6)
  4 white imps
  2 ufetubi
  2 worms (D:2)
  2 dart slugs
  57 orcs
  5 ball pythons
  6 bats
  8 endoplasms
  2 giant cockroaches
  5 goblins
  6 hobgoblins
  7 jackals
  27 kobolds
  4 quokkas
  4 frilled lizards
  8 rats
411 creatures vanquished.

Vanquished Creatures (others)
  A fire vortex (Lair:2)
  7 fungi
  15 plants
23 creatures vanquished.

Grand Total: 434 creatures vanquished

Notes
Turn   | Place    | Note
-------+----------+-------------------------------------------
     0 | D:1      | Chingon the Minotaur Fighter began the quest for the Orb.
     0 | D:1      | Reached XP level 1. HP: 19/19 MP: 0/0
   197 | D:1      | Reached skill level 3 in Axes
   329 | D:1      | Reached XP level 2. HP: 21/26 MP: 1/1
   899 | D:1      | Reached skill level 4 in Axes
  1091 | D:2      | Reached XP level 3. HP: 17/31 MP: 2/2
  1299 | D:2      | Reached skill level 5 in Axes
  1627 | D:2      | Reached XP level 4. HP: 39/39 MP: 3/3
  1775 | D:2      | Found a faded altar of an unknown god.
  1988 | D:3      | Reached skill level 6 in Axes
  2146 | D:3      | Reached XP level 5. HP: 32/45 MP: 4/4
  2287 | D:3      | Got Nipnics's Collected Works on the Crystallized Boggart
  2866 | D:4      | Noticed Natasha
  2872 | D:4      | Killed Natasha
  2873 | D:4      | Reached skill level 7 in Axes
  3002 | D:4      | Noticed Natasha
  3009 | D:4      | Killed Natasha
  3053 | D:4      | Reached XP level 6. HP: 42/51 MP: 5/5
  3128 | D:4      | Identified the +1 dagger of Evisceration {heavy, rElec
                  | Int+3 Dex+3}
  3165 | D:4      | Noticed Natasha
  3170 | D:4      | Killed Natasha
  3412 | D:5      | Entered Level 5 of the Dungeon
  3427 | D:5      | Reached skill level 8 in Axes
  3526 | D:5      | Noticed an ice beast
  3531 | D:5      | Killed an ice beast
  3532 | D:5      | Reached skill level 9 in Axes
  3532 | D:5      | Reached XP level 7. HP: 57/57 MP: 6/6
  3999 | D:5      | Reached skill level 10 in Axes
  4234 | D:6      | Reached skill level 11 in Axes
  4263 | D:6      | Reached XP level 8. HP: 64/64 MP: 7/7
  4441 | D:6      | Noticed a +0 dagger
  4441 | D:6      | Noticed a +0 spear
  4442 | D:6      | Noticed a +0 short sword
  4442 | D:6      | Noticed a +0 falchion
  4443 | D:6      | Noticed a +0 short sword
  4443 | D:6      | Noticed a +0 dagger
  4443 | D:6      | Noticed a +0 falchion
  4444 | D:6      | Noticed a +0 spear
  4470 | D:6      | Found a hide-covered altar of Uskayaw.
  4569 | D:6      | Reached skill level 12 in Axes
  4778 | D:6      | Found a shadowy altar of Dithmenos.
  4778 | D:6      | Found a burning altar of Makhleb.
  4787 | D:6      | Found an ancient bone altar of Kikubaaqudgha.
  4789 | D:6      | Found a glowing silver altar of Zin.
  4791 | D:6      | Found a glowing golden altar of the Shining One.
  4796 | D:6      | Became a worshipper of the Shining One
  4897 | D:6      | Reached skill level 1 in Invocations
  5079 | D:6      | Found an ornate altar of the Wu Jian Council.
  5278 | D:7      | Found a staircase to the Ecumenical Temple.
  5401 | D:7      | Found a transporter.
  5410 | D:7      | Noticed Gobbopathe's ghost (novice DsCK)
  5422 | D:7      | Reached skill level 13 in Axes
  5431 | D:7      | Reached XP level 9. HP: 60/70 MP: 10/10
  5574 | D:7      | Found a transporter.
  5814 | D:7      | Reached skill level 5 in Invocations
  6334 | D:7      | Got the Quarto of Volatile Execration
  6597 | D:8      | Reached * piety under the Shining One
  6602 | D:8      | Reached skill level 14 in Axes
  6796 | D:8      | Noticed Joseph
  6816 | D:8      | Killed Joseph
  7035 | D:8      | Reached XP level 10. HP: 79/79 MP: 13/13
  7614 | D:9      | Reached skill level 15 in Axes
  7626 | D:9      | Reached skill level 5 in Armour
  7626 | D:9      | Reached skill level 5 in Shields
  7630 | D:9      | Reached skill level 5 in Fighting
  7704 | D:9      | Found a staircase to the Orcish Mines.
  7902 | D:9      | Reached ** piety under the Shining One
  8114 | D:9      | You fall into a shaft and drop 3 floors!
  8180 | D:12     | Reached XP level 11. HP: 71/89 MP: 15/15
  8310 | D:11     | Noticed Psyche
  8324 | D:11     | Killed Psyche
  8476 | D:10     | Entered Level 10 of the Dungeon
  8492 | D:10     | Reached skill level 16 in Axes
  8589 | D:10     | Found a hazy altar of Hepliaklqana.
  8616 | D:10     | Noticed a two-headed ogre
  8622 | D:10     | Killed a two-headed ogre
  8912 | D:9      | Found a basalt altar of Yredelemnul.
  8996 | D:9      | Identified the +0 ring mail "Meicicox" {Rampage Fly Str-2}
  9043 | D:10     | Reached *** piety under the Shining One
  9160 | D:10     | Found a portal to a secret trove of treasure.
  9550 | D:10     | Found a staircase to the Lair.
  9721 | D:11     | Identified the +1 cloak of the Loofah {Drain Fly Regen+}
  9721 | D:11     | Noticed a fire crab
  9737 | D:11     | The Shining One protects you from harm!
 10645 | D:12     | Reached XP level 12. HP: 102/103 MP: 17/17
 11151 | Lair:1   | Entered Level 1 of the Lair of Beasts
 11271 | Lair:1   | Noticed a death yak
 11295 | Lair:1   | Killed a death yak
 11926 | Lair:2   | Reached skill level 10 in Armour
 11939 | Lair:2   | Reached skill level 10 in Invocations
 12012 | Lair:2   | Reached skill level 10 in Fighting
 12012 | Lair:2   | Reached skill level 10 in Shields
 12021 | Lair:2   | Reached skill level 1 in Dodging
 12027 | Lair:2   | Noticed a death yak
 12041 | Lair:2   | Killed a death yak
 12042 | Lair:2   | Noticed a death yak
 12054 | Lair:2   | Killed a death yak
 12055 | Lair:2   | Noticed a death yak
 12055 | Lair:2   | Reached **** piety under the Shining One
 12056 | Lair:2   | Noticed a death yak
 12056 | Lair:2   | Noticed a death yak
 12076 | Lair:2   | Reached skill level 5 in Dodging
 12095 | Lair:1   | Killed a death yak
 12133 | Lair:1   | Killed a death yak
 12149 | Lair:1   | Killed a death yak
 12208 | Lair:2   | Found a staircase to the Swamp.
 12276 | Lair:2   | Reached XP level 13. HP: 104/113 MP: 19/19
 13237 | Lair:3   | Reached skill level 10 in Dodging
 13257 | Lair:3   | HP: 5/113 [seven-headed hydra (4)]
 13260 | Lair:3   | Noticed Snorg
 13266 | Lair:3   | HP: 2/113 [eight-headed hydra (13)]
 13266 | Lair:3   | Mangled by an eight-headed hydra

Illustrated notes

Levels and vault maps discovered:
D:1:      onia_arrival_mini_spirals, layout_basic, hex_tiny, serial_park_tiny_2
D:2:      layout_loops_ring, hellmonk_ecumenical_altar_defaced_shrine,
          minmay_tiny_reverse_x
D:3:      layout_basic, minmay_randomly_rotated_circles
D:4:      layout_loops_ring, minivault_19, uniq_natasha
D:5:      layout_loops_cross
D:6:      layout_cave_pools, lemuel_coloured_pillars_altar,
          nicolae_uskayaw_en_pointe, chequers_temple_overflow_minitemple
D:7:      layout_layer_cave, minmay_temple_entry_mini_moons,
          gammafunk_ghost_stat_death, kennysheep_generic_room_12
D:8:      layout_loops_ring, uniq_joseph
D:9:      layout_basic, lemuel_zombie_altar_yredelemnul, david_orc_5,
          evilmike_butchery
D:10:     layout_irregular_city, mainiacjoe_overflow_cross_hatched,
          grunt_lair_entry_orc_guard_hut, nicolae_trove_entry_isolated
D:11:     layout_loops_ring, wad_dig_loot, uniq_psyche
D:12:     lemuel_ice_spiral_2, layout_stronghold
Lair:1:   layout_chaotic_city, grunt_forest_large_clearing_hut,
          grunt_megastairs_4, serial_bayou_shore_a
Lair:2:   layout_gridlike, swamp_mist, grunt_megastairs_2
Lair:3:   lemuel_reptile_caves, layout_chaotic_city,
          nicolae_spider_entry_tight_spaces, nicolae_lair_liquid_snakes,
          lemuel_fruit_tree, uniq_snorg

Skill      XL: |  1  2  3  4  5  6  7  8  9 10 11 12 13 |
---------------+----------------------------------------+-----
Axes           | 3 4 5 6 7 9 11 13 14 15 16 | 16.0
Invocations    | 3 6 7 9 10 | 10.1
Fighting       | 4 6 8 10 | 10.1
Armour         | 4 6 8 10 | 10.1
Shields        | 4 6 8 10 | 10.1
Dodging        | 7 10 | 10.1

Action                     |  1- 3 |  4- 6 |  7- 9 | 10-12 | 13-15 || total
---------------------------+-------+-------+-------+-------+-------++-------
  Melee: War axe           |    88 |   107 |   230 |   552 |   119 ||  1096
         Headbutt          |    10 |    10 |    36 |   152 |    34 ||   242
         Unarmed           |       |       |       |     6 |       ||     6
         Flail             |       |       |       |       |    22 ||    22
 Invoke: Divine Shield     |       |       |       |     4 |     1 ||     5
         Cleansing Flame   |       |       |       |       |     1 ||     1
    Use: Scroll            |       |       |       |    13 |     4 ||    17
         Potion            |       |       |       |       |     1 ||     1
   Stab: Distracted        |       |     1 |       |       |       ||     1
 Armour: Scale mail        |    37 |     7 |       |       |       ||    44
         Chain mail        |       |    57 |    38 |       |       ||    95
         Plate armour      |       |       |    61 |   205 |    80 ||   346
  Dodge: Dodged            |    38 |    42 |    91 |   246 |    98 ||   515
  Block: Buckler           |    21 |    26 |    34 |   245 |   114 ||   440
         Reflection        |       |       |       |     6 |     3 ||     9
